[Event "Titled Tuesday Blitz May 2 Early 2023"]
[White "Kleiman, Jake"]
[Black "Indjic, Aleksandar"]
[WhiteFideId "2020041"]
[BlackFideId "911925"]
[WhiteElo "2399"]
[BlackElo "2614"]
[Result "1-0"]
[Round "04"]
[TimeControl "180+2"]
[Date "2023.05.02"]
[WhiteClock "0:00:10"]
[BlackClock "0:00:19"]

1. e4 e5 2. Nf3 Nc6 3. Bc4 Nf6 4. d3 Bc5 5. O-O h6 6. c3 d6 7. Bb3 a5 8. Nbd2 Ba7 9. Re1 Ng4 10. Re2 O-O 11. Nf1 Be6 12. Ng3 Bxb3 13. Qxb3 Qd7 14. h3 Nf6 15. Nh4 a4 16. Qc2 Ne7 17. Nhf5 Nxf5 18. Nxf5 Kh7 19. d4 Rae8 20. dxe5 dxe5 21. Bd2 Qc6 22. Rd1 Ng8 23. Be3 Bxe3 24. Nxe3 Nf6 25. Nd5 Re6 26. Red2 Kh8 27. c4 Ra8 28. a3 Kh7 29. Kh2 Qc5 30. f3 Nh5 31. Qc3 c6 32. Nc7 Rae8 33. Nxe8 Rxe8 34. g3 Re6 35. Rg2 Rf6 36. Rd7 b6 37. Qd3 Rg6 38. Rxf7 Nf6 39. g4 Ne8 40. Rd7 Nf6 41. Rd8 Rg5 42. h4 Rg6 43. g5 Nh5 44. Re8 Rd6 45. Qxd6 Qxd6 46. g6+ Qxg6 47. Rh8+ Kxh8 48. Rxg6 Nf6 49. Rg2 Kg8 50. Rd2 Kf7 51. Rd6 c5 52. Rxb6 Nh5 53. Rb5 Nf4 54. Rxc5 Nd3 55. Ra5 Nxb2 56. c5 Ke6 57. Kg2 Kd7 58. Ra6 Kc7 59. Kg3 Nd3 60. Rxa4 Nf4 61. Ra6 Kb7 62. Rb6+ Kc7 63. Kg4 g6 64. Rf6 1-0


[Site "https://www.chess.com"]

[Event "Titled Tuesday Blitz May 2 Early 2023"]
[White "Shohat, Yotam"]
[Black "Acor, Corey"]
[WhiteFideId "2813955"]
[BlackFideId "2024861"]
[WhiteElo "2226"]
[BlackElo "2341"]
[Result "0-1"]
[Round "04"]
[TimeControl "180+2"]
[Date "2023.05.02"]
[WhiteClock "0:01:59"]
[BlackClock "0:02:00"]

1. e4 e5 2. Nf3 Nc6 3. g3 g6 4. Bg2 Bg7 5. O-O d6 6. Nc3 f5 7. exf5 Bxf5 8. d4 Nf6 9. dxe5 dxe5 10. Qxd8+ Rxd8 11. Re1 O-O 12. Nxe5 Nb4 13. Nd3 Nxc2 0-1


[Site "https://www.chess.com"]

[Event "Titled Tuesday Blitz May 2 Early 2023"]
[White "Remizov, Yaroslav"]
[Black "Jovic, Stanoje"]
[WhiteFideId "34134015"]
[BlackFideId "905020"]
[WhiteElo "2412"]
[BlackElo "2236"]
[Result "1-0"]
[Round "04"]
[TimeControl "180+2"]
[Date "2023.05.02"]
[WhiteClock "0:00:06"]
[BlackClock "0:00:15"]

1. Nf3 Nf6 2. c4 c5 3. g3 Nc6 4. Bg2 d5 5. cxd5 Nxd5 6. O-O Bg4 7. Qb3 Nb6 8. a4 c4 9. Qe3 e6 10. d3 cxd3 11. exd3 Nd5 12. Qd2 Bb4 13. Nc3 O-O 14. h3 Bh5 15. g4 Bg6 16. d4 Rc8 17. Ne5 Na5 18. Bxd5 exd5 19. Ra2 Bb1 20. Ra1 Nb3 21. Qd1 Nxa1 22. Nxb1 Qc7 23. Nd3 a5 24. Nc3 Bxc3 25. bxc3 Qxc3 26. Bb2 Qc2 27. Bxa1 Rfe8 28. Qxc2 Rxc2 29. Rb1 Ra2 30. Nc5 b6 31. Nd7 Ree2 32. Rf1 Re6 33. Rb1 Rxa4 34. Nc5 Rxa1 35. Rxa1 Rc6 36. Nd3 f6 37. Nf4 Kf7 38. Nxd5 b5 39. Rxa5 Rc1+ 40. Kg2 Rb1 41. Nc3 Rb4 42. Nxb5 h5 43. Ra7+ Kg6 44. gxh5+ Kh6 45. Nd6 Rxd4 46. Nf5+ Kxh5 47. Nxd4 1-0


[Site "https://www.chess.com"]

[Event "Titled Tuesday Blitz May 2 Early 2023"]
[White "Pakleza, Zbigniew"]
[Black "Sousa, Andre Ventura"]
[WhiteFideId "1119290"]
[BlackFideId "1917617"]
[WhiteElo "2410"]
[BlackElo "2348"]
[Result "1-0"]
[Round "04"]
[TimeControl "180+2"]
[Date "2023.05.02"]
[WhiteClock "0:00:02"]
[BlackClock "0:00:33"]

1. d4 Nf6 2. Nf3 e6 3. Bf4 b6 4. e3 h6 5. h3 c5 6. c3 cxd4 7. cxd4 Nc6 8. Nc3 Bb7 9. Bd3 Be7 10. Rc1 O-O 11. O-O Rc8 12. a3 a6 13. e4 d6 14. Bh2 b5 15. Re1 Re8 16. Bb1 Bf8 17. Qd3 e5 18. Ba2 exd4 19. Nxd4 Ne5 20. Qd1 Nc4 21. Qc2 d5 22. e5 Ne4 23. Nxe4 dxe4 24. Rcd1 Ne3 25. Qb3 Nc4 26. Nxb5 Qg5 27. Nd6 Bxd6 28. exd6 e3 29. Qxb7 exf2+ 30. Kxf2 Qc5+ 31. Kf1 Nd2+ 32. Rxd2 Rxe1+ 33. Kxe1 Re8+ 34. Kd1 Qh5+ 35. Qf3 Qb5 36. Qxf7+ 1-0


[Site "https://www.chess.com"]

[Event "Titled Tuesday Blitz May 2 Early 2023"]
[White "Sieciechowicz, Marcin"]
[Black "Krsnik Cohar, Ivan Vihor"]
[WhiteFideId "1130170"]
[BlackFideId "14520044"]
[WhiteElo "2302"]
[BlackElo "2414"]
[Result "1-0"]
[Round "04"]
[TimeControl "180+2"]
[Date "2023.05.02"]
[WhiteClock "0:02:26"]
[BlackClock "0:00:16"]

1. d4 Nf6 2. Bf4 d6 3. e3 Nbd7 4. Nf3 g6 5. h3 Bg7 6. Be2 O-O 7. O-O c6 8. c3 Qc7 9. Bh2 e5 10. Nbd2 Rd8 11. Qc2 a6 12. Nc4 b5 13. Nxd6 Qxd6 14. dxe5 Qe6 15. Nd4 Qe8 16. Nxc6 Nd5 17. Nxd8 Qxd8 18. Bf3 Nxe5 19. Bxe5 Bxe5 20. Rfd1 Bb7 21. Bxd5 Bxd5 22. Qd3 Qc7 23. Qxd5 1-0


[Site "https://www.chess.com"]

[Event "Titled Tuesday Blitz May 2 Early 2023"]
[White "Mortazavi, Ali"]
[Black "Bacallao Alonso, Yusnel"]
[WhiteFideId "401323"]
[BlackFideId "3507416"]
[WhiteElo "2339"]
[BlackElo "2561"]
[Result "1-0"]
[Round "04"]
[TimeControl "180+2"]
[Date "2023.05.02"]
[WhiteClock "0:00:05"]
[BlackClock "0:00:01"]

1. Nf3 d5 2. g3 g6 3. Bg2 Bg7 4. O-O e5 5. d3 Nc6 6. Nbd2 Nge7 7. e4 O-O 8. a4 a5 9. exd5 Nxd5 10. Re1 Re8 11. Nc4 h6 12. c3 Bf5 13. Nh4 Be6 14. Nf3 Bf5 15. Nh4 Be6 16. Nf3 f6 17. d4 Nxc3 18. bxc3 Bxc4 19. Qc2 Bf7 20. Nh4 exd4 21. Rd1 f5 22. Rb1 Qc8 23. Bxc6 bxc6 24. cxd4 Qe6 25. Nf3 Rad8 26. Bf4 Qa2 27. Rb2 Qd5 28. Qd3 c5 29. Rb5 g5 30. Bxc7 Rd7 31. Rxc5 Qb7 32. Be5 Bd5 33. Bxg7 Kxg7 34. Ne5 Be4 35. Qc3 Rde7 36. d5 Rxe5 37. Rc7+ Qxc7 38. Qxc7+ R5e7 39. Qc3+ 1-0


[Site "https://www.chess.com"]

[Event "Titled Tuesday Blitz May 2 Early 2023"]
[White "Richter, Paul"]
[Black "Milikow, Yoav"]
[WhiteFideId "2046350"]
[BlackFideId "2822237"]
[WhiteElo "2171"]
[BlackElo "2410"]
[Result "1-0"]
[Round "04"]
[TimeControl "180+2"]
[Date "2023.05.02"]
[WhiteClock "0:00:16"]
[BlackClock "0:00:03"]

1. e4 e5 2. Nf3 Nc6 3. Bb5 a6 4. Ba4 Nge7 5. Nc3 g6 6. d4 exd4 7. Nd5 Bg7 8. Bg5 b5 9. Bb3 h6 10. Bf6 Kf8 11. Qd2 Bxf6 12. Nxf6 Kg7 13. Nxd4 d6 14. Nxc6 Nxc6 15. Nd5 b4 16. Nxb4 Nxb4 17. Qxb4 Qf6 18. O-O-O a5 19. Qd4 Re8 20. f3 Re5 21. a3 Bb7 22. Bc4 Rb8 23. Kb1 Bc8 24. c3 Rb6 25. Ka1 c5 26. Qd3 Re7 27. Rhf1 g5 28. g3 Bh3 29. Rf2 Reb7 30. f4 Rb8 31. Qe3 gxf4 32. gxf4 Kf8 33. Qxh3 a4 34. Qd3 Qh4 35. Rdf1 Qh5 36. e5 d5 37. Qxd5 R8b7 38. Qxc5+ Kg8 39. Qc8+ Kh7 40. Bd3+ f5 1-0


[Site "https://www.chess.com"]

[Event "Titled Tuesday Blitz May 2 Early 2023"]
[White "Vakhlamov, Igor L."]
[Black "Mekhane, Adam"]
[WhiteFideId "24126748"]
[BlackFideId "36050601"]
[WhiteElo "2400"]
[BlackElo "2177"]
[Result "1-0"]
[Round "04"]
[TimeControl "180+2"]
[Date "2023.05.02"]
[WhiteClock "0:00:26"]
[BlackClock "0:01:01"]

1. e4 c5 2. Nf3 Nc6 3. Nc3 Nf6 4. Bb5 Qc7 5. O-O e5 6. Re1 d6 7. Nd5 Qd8 8. c3 Bd7 9. d4 cxd4 10. cxd4 Nxd4 11. Nxd4 exd4 12. Nxf6+ Qxf6 13. Bxd7+ Kxd7 14. Qa4+ Ke7 15. e5 dxe5 16. Qxd4 Ke6 17. Qc4+ Kd7 18. Qd5+ Bd6 19. Qxb7+ Ke6 20. Qb3+ Ke7 21. Qb7+ Ke6 22. Be3 Rhb8 23. Qa6 Ke7 24. Red1 Rd8 25. Rac1 Rd7 26. h4 Rad8 27. Bg5 Qxg5 28. hxg5 Bb8 29. Rxd7+ Rxd7 30. g3 e4 31. Re1 Kf8 32. Rxe4 Rd8 33. Qa3+ Kg8 34. Qe7 Rf8 35. Qd7 a5 36. Re8 Bd6 37. a3 a4 38. Qxa4 h6 39. gxh6 g6 40. b4 g5 41. Rxf8+ Bxf8 42. Qb5 f6 43. a4 f5 44. a5 f4 45. Qxg5+ Kh7 46. Qxf4 Bxh6 47. Qg4 Bg7 48. a6 Bh6 49. a7 Bg7 50. a8=Q Bf8 51. Qae4+ Kh8 52. Qe5+ Kh7 53. Qeh5+ Bh6 54. Qhg6+ Kh8 55. Qxh6# 1-0


[Site "https://www.chess.com"]

[Event "Titled Tuesday Blitz May 2 Early 2023"]
[White "Jaskolka, Tomasz"]
[Black "Tanenbaum, Zachary"]
[WhiteFideId "1170791"]
[BlackFideId "2060850"]
[WhiteElo "2155"]
[BlackElo "2175"]
[Result "1-0"]
[Round "04"]
[TimeControl "180+2"]
[Date "2023.05.02"]
[WhiteClock "0:00:08"]
[BlackClock "0:00:01"]

1. d4 d5 2. Be3 Nf6 3. Nf3 Bf5 4. c4 e6 5. Nc3 dxc4 6. Qa4+ Nc6 7. Ne5 Bb4 8. Nxc6 Bxc3+ 9. bxc3 Qd7 10. Qxc4 bxc6 11. Bg5 Nd5 12. f3 h6 13. Bd2 Bg6 14. e4 Nb6 15. Qb4 a5 16. Qb3 O-O 17. Bd3 c5 18. Be3 Rfb8 19. Qc2 c4 20. Be2 Na4 21. Bxc4 Rb2 22. Qd3 Nc5 23. dxc5 Qe7 24. O-O Rd8 25. Bd4 e5 26. Rab1 Rxb1 27. Rxb1 exd4 28. cxd4 Qf6 29. Rd1 c6 30. Qe3 Qe7 31. d5 cxd5 32. Rxd5 Rb8 33. h3 Qh4 34. Rd1 Qg3 35. c6 Rb2 36. Be2 Rxa2 37. Rd2 Ra1+ 38. Bf1 Rc1 39. Rd8+ Kh7 40. Qxc1 Qc7 41. Rd5 a4 42. Rd7 Qb6+ 43. Kh1 a3 44. c7 a2 45. c8=Q Qb1 46. Q8c3 h5 47. Rd1 Qb6 48. Q1b2 Qe6 49. Qxg7# 1-0


[Site "https://www.chess.com"]

[Event "Titled Tuesday Blitz May 2 Early 2023"]
[White "Nagy, Gabor"]
[Black "Karttunen, Mika"]
[WhiteFideId "737119"]
[BlackFideId "502081"]
[WhiteElo "2514"]
[BlackElo "2396"]
[Result "1-0"]
[Round "04"]
[TimeControl "180+2"]
[Date "2023.05.02"]
[WhiteClock "0:01:06"]
[BlackClock "0:00:12"]

1. d4 Nf6 2. Nc3 d5 3. Bf4 e6 4. Nb5 Bd6 5. Nxd6+ cxd6 6. e3 Nc6 7. c3 O-O 8. Bd3 e5 9. Bg5 e4 10. Bc2 Qe7 11. Ne2 Qe6 12. Nf4 Qf5 13. Bxf6 Qxf6 14. Nxd5 Qg5 15. Nf4 Bg4 16. Qd2 Rae8 17. h3 Bh5 18. g4 Bg6 19. O-O-O Qb5 20. h4 f5 21. g5 Bf7 22. b3 d5 23. h5 Be6 24. Kb2 Na5 25. Ka1 Re7 26. Rb1 Qd7 27. Rhc1 b6 28. Bd1 Rc8 29. Be2 Kh8 30. Rc2 Bg8 31. Rbc1 Bf7 32. g6 Be8 33. gxh7 Kxh7 34. Rg1 Qd6 35. f3 Qh6 36. fxe4 fxe4 37. Bg4 Rc6 38. Bf5+ Kh8 39. Nxd5 Rf7 40. Bxe4 Re6 41. Bg6 Rxg6 42. hxg6 Rd7 43. Nf4 Kg8 44. Qe2 Qh4 45. Qf3 1-0


[Site "https://www.chess.com"]

[Event "Titled Tuesday Blitz May 2 Early 2023"]
[White "Klimkowski, Jan"]
[Black "Kubicka, Anna"]
[WhiteFideId "21856222"]
[BlackFideId "1152254"]
[WhiteElo "2331"]
[BlackElo "2144"]
[Result "1-0"]
[Round "04"]
[TimeControl "180+2"]
[Date "2023.05.02"]
[WhiteClock "0:00:17"]
[BlackClock "0:00:11"]

1. e4 c5 2. Nf3 d6 3. Nc3 Nf6 4. e5 dxe5 5. Nxe5 e6 6. g3 Be7 7. Bg2 O-O 8. O-O Qc7 9. Qe2 a6 10. d3 Nbd7 11. Nc4 Nb6 12. Bf4 Qd8 13. Rad1 Nbd5 14. Nxd5 Nxd5 15. Bd2 Bf6 16. Ne5 Qc7 17. Rfe1 Bd7 18. c4 Ne7 19. Bf4 Qc8 20. Ng4 Bd4 21. Bd6 Re8 22. Be5 Nc6 23. Bxc6 Bxc6 24. Bxd4 cxd4 25. Ne5 Qc7 26. Qg4 Rad8 27. b4 b6 28. Nxc6 Qxc6 29. Qg5 f6 30. Qg4 e5 31. Qe4 Qxe4 32. Rxe4 Kf7 33. Rde1 Rc8 34. a3 Re7 35. f4 Rce8 36. fxe5 Rxe5 37. Rxe5 fxe5 38. Kf2 Ke6 39. Kg2 Rf8 40. h4 g6 41. Rf1 Rf5 42. g4 Rf4 43. Rxf4 exf4 44. Kf3 Ke5 45. g5 a5 46. c5 axb4 47. cxb6 Kd6 48. axb4 Kc6 49. Kxf4 Kxb6 50. Ke4 Kb5 51. Kxd4 Kxb4 52. Ke5 1-0


[Site "https://www.chess.com"]

[Event "Titled Tuesday Blitz May 2 Early 2023"]
[White "Goncalves, Davi Sulzbacher"]
[Black "Panesar Vedant"]
[WhiteFideId "2154510"]
[BlackFideId "35033018"]
[WhiteElo "2182"]
[BlackElo "2278"]
[Result "1-0"]
[Round "04"]
[TimeControl "180+2"]
[Date "2023.05.02"]
[WhiteClock "0:00:10"]
[BlackClock "0:00:18"]

1. d4 Nf6 2. c4 d6 3. Nc3 Nbd7 4. Nf3 g6 5. g3 Bg7 6. Bg2 O-O 7. O-O e5 8. Qc2 Re8 9. Rd1 c6 10. b3 exd4 11. Nxd4 Nc5 12. Bb2 a5 13. h3 Qc7 14. e3 Bd7 15. Rac1 h5 16. a3 h4 17. g4 Nh7 18. Nf3 Bf6 19. b4 axb4 20. axb4 Na6 21. Qd2 Nxb4 22. Qxd6 Qxd6 23. Rxd6 Be6 24. c5 Na2 25. Rc2 Bxc3 26. Bxc3 Bb3 27. Rxa2 Rxa2 28. Rd7 Bd5 29. Rxb7 Bxf3 30. Bxf3 Rc8 31. Bd4 Ng5 32. Kg2 Nxf3 33. Kxf3 Raa8 34. g5 Rab8 35. Rd7 Rd8 36. Rc7 Rbc8 37. Rb7 Kf8 38. Kg4 Ke8 39. Kxh4 Rd7 40. Rb6 Rd5 41. f4 Kd7 42. Kg4 Ke6 43. h4 Rd7 44. h5 gxh5+ 45. Kxh5 Kf5 46. Kh4 Rdc7 47. Kg3 Ke4 48. Rb4 Kd5 49. Kf3 Ra8 50. f5 Ra3 51. Kf4 Ra2 52. e4# 1-0


[Site "https://www.chess.com"]

[Event "Titled Tuesday Blitz May 2 Early 2023"]
[White "Vlassov, Nikolai"]
[Black "Tristan, Leonardo"]
[WhiteFideId "4103360"]
[BlackFideId "113816"]
[WhiteElo "2324"]
[BlackElo "2461"]
[Result "0-1"]
[Round "04"]
[TimeControl "180+2"]
[Date "2023.05.02"]
[WhiteClock "0:00:01"]
[BlackClock "0:00:12"]

1. e4 d5 2. exd5 Qxd5 3. Nf3 Bg4 4. Be2 Nc6 5. d4 O-O-O 6. Be3 e5 7. c4 Qa5+ 8. Bd2 Bb4 9. d5 Bxf3 10. Bxf3 Nd4 11. Nc3 Qa6 12. O-O Qxc4 13. Rc1 Qa6 14. Be3 Nxf3+ 15. Qxf3 Nf6 16. Rfd1 Kb8 17. a4 Bxc3 18. bxc3 Qxa4 19. c4 a6 20. c5 Qe4 21. d6 Qxf3 22. gxf3 Rd7 23. f4 Ng4 24. fxe5 Nxe5 25. Bf4 f6 26. Bxe5 fxe5 27. Rd5 cxd6 28. cxd6 Rhd8 29. Rcd1 b6 30. Kg2 Kb7 31. Kf3 Kc6 32. Rxe5 Rxd6 33. Rc1+ Kb7 34. Re7+ R8d7 35. Re8 Rf6+ 36. Ke4 Rc6 37. Rxc6 Kxc6 38. f4 a5 39. f5 a4 40. Rc8+ Kb5 0-1


[Site "https://www.chess.com"]

[Event "Titled Tuesday Blitz May 2 Early 2023"]
[White "Seo, Jung Min"]
[Black "Erzhanov, Arman"]
[WhiteFideId "1734687"]
[BlackFideId "4138821"]
[WhiteElo "2468"]
[BlackElo "2138"]
[Result "1-0"]
[Round "04"]
[TimeControl "180+2"]
[Date "2023.05.02"]
[WhiteClock "0:01:00"]
[BlackClock "0:00:08"]

1. d4 d6 2. Nf3 g6 3. g3 Bg7 4. Bg2 Nd7 5. O-O e5 6. e4 Ne7 7. Re1 O-O 8. c3 Re8 9. Be3 b6 10. Nbd2 Bb7 11. Qc2 a6 12. Rad1 Rc8 13. Bh3 Rb8 14. dxe5 Nxe5 15. Nxe5 Bxe5 16. Nf3 Bg7 17. Bd4 Nc6 18. Bxg7 Kxg7 19. Bg2 Qf6 20. Nd4 Re7 21. b3 Rbe8 22. f4 Nxd4 23. cxd4 Qe6 24. d5 Qg4 25. Qd3 Qd7 26. Qd4+ f6 27. h4 Kf7 28. Kh2 Bc8 29. Rc1 Qb5 30. a4 Qd7 31. Rc3 Kg7 32. Rec1 Qd8 33. b4 Rf8 34. a5 b5 35. Re3 Qe8 36. Rce1 Rff7 37. e5 dxe5 38. fxe5 fxe5 39. Rxe5 Kg8 40. d6 cxd6 41. Qxd6 Rxe5 42. Rxe5 Qf8 43. Qd4 Rd7 44. Bd5+ Rxd5 45. Rxd5 Be6 46. Rd8 1-0


[Site "https://www.chess.com"]

[Event "Titled Tuesday Blitz May 2 Early 2023"]
[White "Kvaloy, Aksel Bu"]
[Black "Hnydiuk, Aleksander"]
[WhiteFideId "1528815"]
[BlackFideId "1109057"]
[WhiteElo "2208"]
[BlackElo "2374"]
[Result "0-1"]
[Round "04"]
[TimeControl "180+2"]
[Date "2023.05.02"]
[WhiteClock "0:00:02"]
[BlackClock "0:00:07"]

1. e4 Nf6 2. e5 Nd5 3. d4 d6 4. c4 Nb6 5. exd6 cxd6 6. a4 g6 7. Nc3 Bg7 8. a5 N6d7 9. Nf3 O-O 10. Be2 Nc6 11. O-O Nxa5 12. d5 b6 13. Ra3 Ne5 14. Nxe5 Bxe5 15. b4 Nb7 16. Ne4 a5 17. f4 Bg7 18. f5 Bxf5 19. Rxf5 gxf5 20. Rg3 Kh8 21. Ng5 e5 22. Qf1 f4 23. Bd3 axb4 24. Nxh7 Ra1 25. Rh3 Kg8 26. Qd1 e4 27. Bxe4 f5 28. Qh5 Rxc1+ 29. Kf2 fxe4 30. Ng5 Rf6 31. Ne6 Rxe6 32. dxe6 Qf6 33. Qe8+ Qf8 34. Qg6 Qf6 35. Qe8+ Bf8 36. e7 Qd4+ 37. Ke2 Rc2+ 38. Ke1 Qf2+ 39. Kd1 Qd2# 0-1


[Site "https://www.chess.com"]

[Event "Titled Tuesday Blitz May 2 Early 2023"]
[White "Ronka, Erik"]
[Black "Kozak, Antoni"]
[WhiteFideId "505080"]
[BlackFideId "21832030"]
[WhiteElo "2264"]
[BlackElo "2470"]
[Result "0-1"]
[Round "04"]
[TimeControl "180+2"]
[Date "2023.05.02"]
[WhiteClock "0:00:01"]
[BlackClock "0:00:20"]

1. e4 Nf6 2. Nc3 d5 3. e5 Ne4 4. Nce2 f6 5. d3 Ng5 6. Bxg5 fxg5 7. h4 g4 8. Nf4 c5 9. c3 Nc6 10. Qa4 g6 11. Nge2 Bg7 12. d4 O-O 13. g3 Bd7 14. Qb3 e6 15. Bg2 cxd4 16. cxd4 Qa5+ 17. Qc3 Rac8 18. O-O Bh6 19. Nd3 b6 20. Qxa5 Nxa5 21. Nc3 Nc4 22. Ne2 Nxb2 23. Nxb2 Rc2 24. Nd3 Rxe2 25. a4 Rd2 26. Nb4 Rxd4 27. Na6 Rc4 28. Rfd1 Bc8 29. Rxd5 Bxa6 30. Rd6 Rc2 31. Rxe6 Rfxf2 32. Bd5 Be3 33. Re7+ Kf8 34. Rxa7 Rg2+ 35. Kh1 Rh2# 0-1


[Site "https://www.chess.com"]

[Event "Titled Tuesday Blitz May 2 Early 2023"]
[White "Mrudul Dehankar"]
[Black "Lavrik, Dmitry"]
[WhiteFideId "25096990"]
[BlackFideId "24113190"]
[WhiteElo "2139"]
[BlackElo "2345"]
[Result "1-0"]
[Round "04"]
[TimeControl "180+2"]
[Date "2023.05.02"]
[WhiteClock "0:00:09"]
[BlackClock "0:00:12"]

1. e4 c5 2. Nf3 d6 3. d4 cxd4 4. Nxd4 Nf6 5. Nc3 Nc6 6. Bg5 e6 7. f4 Qa5 8. Qd2 Be7 9. O-O-O h6 10. Bxf6 gxf6 11. Nb3 Qb4 12. a3 Qb6 13. Nb5 d5 14. exd5 exd5 15. Qxd5 Be6 16. Qe4 f5 17. Qa4 O-O 18. N5d4 Bf6 19. Nxe6 fxe6 20. Bc4 Rfe8 21. Rhe1 Kf7 22. Rd6 Qf2 23. Rdxe6 Rxe6 24. Rxe6 Kg6 25. Bd3 Rd8 26. Qc4 Nd4 27. Nxd4 Rxd4 28. Qb5 Rxf4 29. Kb1 Qd4 30. Ka2 Rf2 31. g4 Qxg4 32. Qe5 Qg5 33. Rxf6+ Qxf6 34. Qg3+ Kf7 35. Qxf2 Qe6+ 36. b3 Kf6 37. Qf4 Kg6 38. h4 Qf6 39. h5+ Kxh5 40. Bxf5 Qg7 41. Qh2+ Kg5 42. Qg3+ 1-0


[Site "https://www.chess.com"]

[Event "Titled Tuesday Blitz May 2 Early 2023"]
[White "Gritsenko, Nikolai"]
[Black "Andreev, Konstantin"]
[WhiteFideId "14112493"]
[BlackFideId "24239305"]
[WhiteElo "2389"]
[BlackElo "2106"]
[Result "1-0"]
[Round "04"]
[TimeControl "180+2"]
[Date "2023.05.02"]
[WhiteClock "0:00:13"]
[BlackClock "0:00:17"]

1. d4 Nf6 2. Bg5 e6 3. Nd2 h6 4. Bxf6 Qxf6 5. e3 g6 6. c3 Bg7 7. f4 Qe7 8. Bd3 O-O 9. Ngf3 d6 10. O-O Nd7 11. e4 f5 12. Qe2 Qf7 13. Rae1 Nf6 14. g3 Bd7 15. Nh4 Rae8 16. a3 Bc6 17. e5 Nd5 18. c4 Nb6 19. g4 Rd8 20. gxf5 gxf5 21. d5 exd5 22. e6 Bd4+ 23. Kh1 Qe7 24. Nxf5 dxc4+ 25. Be4 Rxf5 26. Qg4+ Rg5 27. fxg5 Qxg5 28. Qf3 Kh8 29. Bxc6 bxc6 30. Ne4 Qg7 31. Ng3 Re8 32. Nf5 Qf6 33. Nxd4 Qxd4 34. e7 Qd5 35. Qxd5 Nxd5 36. Rf8+ 1-0


[Site "https://www.chess.com"]

[Event "Titled Tuesday Blitz May 2 Early 2023"]
[White "Averjanov, Alexey"]
[Black "Reefat, Bin-Sattar"]
[WhiteFideId "14109867"]
[BlackFideId "10200207"]
[WhiteElo "2399"]
[BlackElo "2462"]
[Result "1-0"]
[Round "04"]
[TimeControl "180+2"]
[Date "2023.05.02"]
[WhiteClock "0:01:21"]
[BlackClock "0:00:03"]

1. d4 e6 2. c4 b6 3. Nf3 Bb7 4. Nbd2 f5 5. g3 Nc6 6. e3 Nf6 7. Bg2 Be7 8. O-O O-O 9. b3 Qe8 10. Bb2 Nd8 11. Ne5 Bxg2 12. Kxg2 d6 13. Nd3 a5 14. a4 Qg6 15. Qe2 Qh6 16. e4 fxe4 17. Nxe4 c5 18. Rae1 Ra7 19. f4 Nxe4 20. Qxe4 Bf6 21. Re2 Raf7 22. Rfe1 Kh8 23. Re3 Qh5 24. R3e2 Re7 25. h3 Qh6 26. Kh2 Qh5 27. g4 Qh4 28. g5 Bxd4 29. Bxd4 cxd4 30. Qxd4 Nc6 31. Qxd6 1-0


[Site "https://www.chess.com"]

[Event "Titled Tuesday Blitz May 2 Early 2023"]
[White "Baches Garcia, Guillermo"]
[Black "Sammed Jaykumar, Shete"]
[WhiteFideId "2209764"]
[BlackFideId "5073421"]
[WhiteElo "2334"]
[BlackElo "2278"]
[Result "0-1"]
[Round "04"]
[TimeControl "180+2"]
[Date "2023.05.02"]
[WhiteClock "0:00:22"]
[BlackClock "0:00:39"]

1. e4 c5 2. Nf3 d6 3. d4 cxd4 4. Nxd4 Nf6 5. Nc3 a6 6. Be3 e5 7. Nb3 Be6 8. f3 h5 9. Nd5 Nxd5 10. exd5 Bf5 11. Bd3 Bxd3 12. Qxd3 Nd7 13. O-O-O g6 14. Kb1 Bh6 15. Bf2 Rc8 16. h4 b5 17. g4 hxg4 18. h5 Qf6 19. hxg6 fxg6 20. fxg4 Qxf2 21. Rdf1 Qg2 22. g5 Bg7 23. Qxg6+ Kd8 24. Rhg1 Qxd5 25. Qxg7 Rh2 26. Rf7 Rcxc2 27. Rxd7+ Kc8 28. Rc1 Qe4 29. Ka1 Rxc1+ 30. Nxc1 Qc2 0-1


[Site "https://www.chess.com"]

[Event "Titled Tuesday Blitz May 2 Early 2023"]
[White "Bolourchifard, Farzad"]
[Black "Yeritsyan, Hayk"]
[WhiteFideId "12510084"]
[BlackFideId "13307320"]
[WhiteElo "2317"]
[BlackElo "2241"]
[Result "1-0"]
[Round "04"]
[TimeControl "180+2"]
[Date "2023.05.02"]
[WhiteClock "0:00:35"]
[BlackClock "0:01:26"]

1. d4 Nf6 2. Nf3 g6 3. Bg5 Bg7 4. e3 O-O 5. Be2 c5 6. c3 d6 7. O-O Nc6 8. Nbd2 e5 9. dxe5 dxe5 10. Ne4 Qxd1 11. Nxf6+ Bxf6 12. Rfxd1 Bxg5 13. Nxg5 Bf5 14. e4 Bc8 15. Bc4 h6 16. Nf3 Bg4 17. Rd6 Kg7 18. Nd2 Rad8 19. Rxd8 Rxd8 20. Nf1 Ne7 21. f3 Bc8 22. Kf2 Kf6 23. Ke2 Be6 24. Ne3 Bxc4+ 25. Nxc4 Ke6 26. a4 g5 27. a5 Ng6 28. g3 h5 29. Ne3 h4 30. Nd5 hxg3 31. hxg3 Rh8 32. a6 b6 33. Nc7+ Kd7 34. Nb5 Ra8 35. Rd1+ Kc6 36. c4 1-0


[Site "https://www.chess.com"]

[Event "Titled Tuesday Blitz May 2 Early 2023"]
[White "Colas, Joshua"]
[Black "Eggink, Ryszard"]
[WhiteFideId "2044447"]
[BlackFideId "1125869"]
[WhiteElo "2347"]
[BlackElo "2283"]
[Result "1-0"]
[Round "04"]
[TimeControl "180+2"]
[Date "2023.05.02"]
[WhiteClock "0:00:12"]
[BlackClock "0:00:18"]

1. c4 Nf6 2. Nf3 e6 3. g3 d5 4. Bg2 Be7 5. O-O O-O 6. b3 c5 7. Bb2 d4 8. e3 Nc6 9. exd4 cxd4 10. Re1 Re8 11. Ne5 Bd7 12. Nxd7 Qxd7 13. d3 a5 14. Na3 Bb4 15. Re2 e5 16. Nb5 Rad8 17. a3 Bc5 18. f3 Ne7 19. Qf1 Nf5 20. Bh3 g6 21. Rae1 Bd6 22. g4 Ne3 23. Rxe3 dxe3 24. g5 Bc5 25. d4 Qxb5 26. cxb5 exd4 27. Qc4 d3 28. Bxf6 d2 29. Bc3 d1=Q 30. Qxc5 Qd5 31. Qxd5 Rxd5 32. Bg2 Rxg5 33. Bxa5 Rxb5 34. Bb4 Rd5 35. Bf1 f5 36. f4 Kg7 37. Bc4 Rdd8 38. Bc3+ Kh6 39. Kg2 Re4 40. Kf3 Rc8 41. a4 Rexc4 42. bxc4 Rxc4 43. Be5 Rxa4 44. Rxe3 b5 45. Kg2 b4 46. Rg3 g5 47. Rxg5 Ra2+ 48. Kg3 b3 49. Rxf5 Kg6 50. Rf6+ Kh5 51. Rb6 Re2 52. Rxb3 h6 53. Kh3 Re4 54. Rf3 Rc4 55. Bc3 Kg6 56. f5+ Kf7 57. f6 Re4 58. Kg3 Re6 59. h4 Rc6 60. Be5 Rc4 61. Rf4 Rc6 62. Rd4 Re6 63. Rd7+ Kg6 64. Rg7+ Kh5 65. f7 Rxe5 66. f8=Q Re3+ 67. Qf3+ Rxf3+ 68. Kxf3 Kxh4 69. Kf4 Kh5 70. Rf7 Kg6 71. Rf5 h5 72. Rg5+ Kh6 73. Kf5 Kh7 74. Rxh5+ Kg7 75. Rh4 Kg8 76. Kf6 Kf8 77. Rh8# 1-0


[Site "https://www.chess.com"]

[Event "Titled Tuesday Blitz May 2 Early 2023"]
[White "Castellanos Gomez, Alejandro"]
[Black "Levitskiy, Andrey"]
[WhiteFideId "22284141"]
[BlackFideId "14132885"]
[WhiteElo "2158"]
[BlackElo "2341"]
[Result "0-1"]
[Round "04"]
[TimeControl "180+2"]
[Date "2023.05.02"]
[WhiteClock "0:00:02"]
[BlackClock "0:00:06"]

1. d4 Nf6 2. Bf4 d5 3. e3 c5 4. c3 Nc6 5. Nd2 cxd4 6. exd4 Bf5 7. Ngf3 e6 8. Be2 Bd6 9. Bg3 O-O 10. O-O h6 11. Re1 Re8 12. b4 Rc8 13. a3 a6 14. Bf1 Re7 15. Rc1 Rec7 16. Nb3 Ne4 17. Nc5 Ne7 18. Ne5 b6 19. Nxe4 Bxe4 20. Bxa6 Ra8 21. b5 f6 22. Nd3 Bxg3 23. hxg3 Qd6 24. Nb4 Rc4 25. Qe2 Kf7 26. Qe3 Ra7 27. Re2 Rac7 28. Rb2 Nf5 29. Qd2 Nxd4 30. cxd4 Rxc1+ 31. Kh2 R1c4 32. Nc6 Kg8 33. Ra2 Qd7 34. a4 Qf7 35. g4 Qf8 36. f3 Qd6+ 37. Kg1 Bg6 38. a5 bxa5 39. Qxa5 Be8 40. Qe1 Bxc6 41. bxc6 R4xc6 42. Bb5 Rc1 43. Ra8+ Kh7 44. Bd3+ f5 45. gxf5 Rxe1+ 46. Kf2 exf5 47. Bxf5+ g6 0-1


[Site "https://www.chess.com"]